 Dungeon Crawl Stone Soup version 0.31-a0-431-g88bdf31460 (webtiles) character file.

Game seed: 3325388573241654685

7107 drugrobin the Cleaver (level 10, 0/80 HPs)
             Began as a Demigod Delver on July 31, 2023.
             Slain by a small abomination (13 damage)
             ... on level 3 of the Abyss.
             The game lasted 00:31:26 (9807 turns).

drugrobin the Cleaver (Demigod Delver)              Turns: 9807, Time: 00:31:26

Health: 0/80       AC: 16    Str: 25    XL:     10   Next: 55%
Magic:  13/13      EV: 12    Int: 12    God:
Gold:   514        SH:  0    Dex: 15    Spells: 7/9 levels left

rFire   + . .        a - +0 war axe
rCold   . . .        (no shield)
rNeg    . . .        T - +2 plate armour {rF+}
rPois   +            M - +0 helmet
rElec   .            S - scarf {repulsion}
rCorr   .            G - +2 pair of gloves
SInv    .            (no boots)
Will    +....        (no amulet) Stlth
                     l - +5 ring of evasion
HPRegen 0.33/turn    y - ring of poison resistance
MPRegen 0.13/turn

%: repel missiles
@: no status effects
A: high MP 1, forlorn, divine attributes
a: no special abilities


You were on level 3 of the Abyss.
You visited 1 branch of the dungeon, and saw 9 of its levels.
You visited the Abyss 1 time.
You also visited: Sewer.

You collected 514 gold pieces.

Inventory:

Hand Weapons
 a - a +0 war axe (weapon)
 b - a +2 whip of electrocution
 c - a +0 sling
 d - a +0 hand axe
 v - a +2 dagger of venom
Missiles
 p - a curare-tipped dart
 u - 24 poisoned darts
 F - 7 boomerangs (quivered)
 J - 2 throwing nets
 U - 6 javelins
Armour
 G - a +2 pair of gloves (worn)
 L - a +2 leather armour of fire resistance
 M - a +0 helmet (worn)
 N - an orb of light
 P - +0 steam dragon scales
 S - a scarf of repulsion (worn)
 T - a +2 plate armour of fire resistance (worn)
 V - +0 acid dragon scales
Jewellery
 l - a +5 ring of evasion (left hand)
 n - a ring of wizardry
 y - a ring of poison resistance (right hand)
 D - a ring of positive energy
Wands
 k - a wand of flame (6)
 w - a wand of charming (20)
 C - a wand of mindburst (3)
 K - a wand of iceblast (10)
Scrolls
 h - a scroll of torment {unknown}
 j - 3 scrolls of immolation {unknown}
 m - 4 scrolls of enchant armour
 o - 3 scrolls of amnesia {unknown}
 q - 4 scrolls of revelation
 r - 4 scrolls of teleportation
 z - 2 scrolls of vulnerability
 B - a scroll of poison
 H - 2 scrolls of silence
 I - 4 scrolls of fog
 O - a scroll of enchant weapon {unknown}
 Q - a scroll of acquirement {unknown}
Potions
 i - 4 potions of curing
 s - a potion of resistance {unknown}
 t - a potion of cancellation {unknown}
 x - 2 potions of ambrosia
 E - 2 potions of enlightenment


   Skills:
 + Level 4.9 Fighting
 * Level 14.1 Axes
 - Level 1.7 Dodging
 - Level 4.5 Stealth
 - Level 4.0 Evocations


You had 7 spell levels left.
You knew the following spells:

 Your Spells              Type           Power      Damage    Failure   Level
a - Wereblood             Tmut           0%         N/A       100%        2

Your spell library contained the following spells:

 Spells                   Type           Power      Damage    Failure   Level
 Necrotise                Necr           0%         1d4       100%        1
 Blink                    Tloc           0%         N/A       100%        2
 Ensorcelled Hibernation  Hex/Ice        0%         N/A       100%        2
 Passwall                 Tmut/Erth      0%         N/A       100%        2
 Sublimation of Blood     Necr           0%         N/A       100%        2
 Ozocubu's Armour         Ice            0%         N/A       100%        3
 Swiftness                Air            0%         N/A       100%        3
 Vampiric Draining        Necr           0%         2d6       100%        3
 Manifold Assault         Tloc           0%         N/A       100%        4
 Agony                    Necr           0%         N/A       100%        5
 Ozocubu's Refrigeration  Ice            0%         4d7       100%        7
 Summon Hydra             Summ           0%         N/A       100%        7


Dungeon Overview and Level Annotations

Branches:
Dungeon (9/15)             Temple (0/1) D:6            Lair (0/5) D:8
  Sewer (visited)
    Orc: D:9-12


Innate Abilities, Weirdness & Mutations

You have an increased reservoir of magic. (+10% MP)
You shall have no god before yourself.
Your divine heritage dramatically boosts your attributes as you level up.


Message History

A tentacle flies out from the starspawn's body!
A starspawn tentacle comes into view.
A small abomination comes into view.
The small abomination misses you. The small abomination hits you.
Tentacles burst from the starspawn's body!
The small abomination closely misses you. 2 starspawn tentacles come into view.
The starspawn tentacle grabs you. The starspawn tentacle constricts you.
The small abomination hits you but does no damage.
You escape the starspawn tentacle's grasp.
The small abomination attacks as you move away!
The small abomination closely misses you.
The starspawn tentacle grabs you. The starspawn tentacle constricts you.
You escape the starspawn tentacle's grasp.
The starspawn tentacle grabs you. The starspawn tentacle constricts you.
You escape the starspawn tentacle's grasp.
A tentacled starspawn comes into view.
The small abomination hits you but does no damage.
The small abomination attacks as you move away!
The small abomination hits you.
The small abomination attacks as you move away!
The small abomination hits you.
A tentacle flies out from the starspawn's body!
A starspawn tentacle comes into view.
A tentacle flies out from the starspawn's body!
The small abomination misses you.
A starspawn tentacle comes into view.
Unknown command.
The small abomination attacks as you move away!
The small abomination closely misses you.
The small abomination attacks as you move away!
The small abomination hits you!
* * * LOW HITPOINT WARNING * * *
Tentacles burst from the starspawn's body!
Unknown command.
Unknown command. 2 starspawn tentacles come into view.
The small abomination hits you!
You die...

.. #.. #..
#.##..#..
#...X..# ##
.....# #.#
###X─.#
#.##§X│..#
#.#..§│###.#
#...xw# .#
#.##@#.....#
#.
#........#
..
...#.##...#
.§ ##.. ..
..## #. ###
#.# .# # ..
. .## ..


You could see a starcursed mass, 2 tentacled starspawn, a small abomination and
a starspawn tentacle.

Vanquished Creatures
  A two-headed ogre (D:8)
  A thrashing horror (Abyss:3)
  Pikel (D:5)
  Maggie (D:6)
  A large abomination (Abyss:3)
  A komodo dragon (D:9)
  An efreet (Abyss:3)
  2 blink frogs (Abyss:3)
  Sigmund (D:6)
  3 slime creatures
  A wraith (D:9)
  A ynoxinul (Abyss:3)
  A wyvern (D:7)
  A chaos spawn (Abyss:2)
  A steam dragon (D:6)
  3 water moccasins
  A sky beast (D:7)
  A black bear (D:8)
  A small abomination (Abyss:2)
  A centaur (D:8)
  A lemure (D:5)
  A phantom (D:5)
  7 kobold brigands
  A bullfrog (D:8)
  3 scorpions
  4 wights
  A howler monkey (D:9)
  8 jellies
  A quasit (Abyss:2)
  A gnoll bouda (D:6)
  6 hounds
  An orc priest (D:6)
  3 iguanas
  An orc wizard (D:8)
  9 gnolls
  15 adders
  3 river rats
  4 white imps
  2 ufetubi
  4 worms
  12 orcs
  8 endoplasms
  4 giant cockroaches
  A goblin (D:4)
  9 hobgoblins
  4 jackals
  9 quokkas
  5 ball pythons
  3 bats
  12 frilled lizards
  20 kobolds
  3 rats
  A lurking horror (Abyss:3)
192 creatures vanquished.

Vanquished Creatures (others)
  A goblin (D:4)
  A lurking horror (Abyss:3)
  14 starspawn tentacles (Abyss:3)
16 creatures vanquished.

Grand Total: 208 creatures vanquished

Notes
Turn   | Place    | Note
-------+----------+-------------------------------------------
     0 | D:5      | drugrobin the Demigod Delver began the quest for the Orb.
     0 | D:5      | Reached XP level 1. HP: 18/18 MP: 3/3
    25 | D:5      | Noticed a jelly
    74 | D:5      | Noticed an iguana
   110 | D:4      | Reached skill level 2 in Axes
   170 | D:3      | Reached XP level 2. HP: 25/25 MP: 4/4
   255 | D:2      | Reached skill level 1 in Evocations
   388 | D:3      | Reached skill level 3 in Axes
   388 | D:3      | Reached XP level 3. HP: 29/30 MP: 5/5
   553 | D:3      | Found a glowing drain.
   557 | Sewer    | Entered a sewer
   589 | Sewer    | Noticed a kobold brigand
   604 | Sewer    | Killed a kobold brigand
   605 | Sewer    | Reached skill level 4 in Axes
   605 | Sewer    | Reached XP level 4. HP: 37/37 MP: 6/6
   657 | Sewer    | Reached XP level 5. HP: 42/42 MP: 7/7
  1523 | D:1      | Learned a level 2 spell: Wereblood
  2803 | D:3      | Noticed a sky beast
  2912 | D:4      | Noticed a black bear
  3010 | D:4      | Reached skill level 5 in Axes
  3099 | D:4      | Reached XP level 6. HP: 24/50 MP: 8/8
  4721 | D:5      | Reached skill level 6 in Axes
  4721 | D:5      | Reached XP level 7. HP: 51/56 MP: 9/9
  5016 | D:5      | Noticed Pikel
  5052 | D:5      | Killed Pikel
  5053 | D:5      | Reached skill level 8 in Axes
  5053 | D:5      | Reached XP level 8. HP: 30/62 MP: 10/10
  5966 | D:6      | Reached skill level 9 in Axes
  6007 | D:6      | Found a staircase to the Ecumenical Temple.
  6159 | D:6      | Noticed Maggie
  6175 | D:6      | Killed Maggie
  6194 | D:6      | Reached skill level 10 in Axes
  6320 | D:6      | Noticed Sigmund
  6338 | D:6      | Killed Sigmund
  6769 | D:7      | Reached XP level 9. HP: 68/68 MP: 11/11
  6952 | D:7      | Reached skill level 11 in Axes
  7488 | D:7      | Reached skill level 12 in Axes
  7918 | D:8      | Found a staircase to the Lair.
  7987 | D:8      | Noticed a two-headed ogre
  8007 | D:8      | Killed a two-headed ogre
  8423 | D:7      | Reached skill level 13 in Axes
  8545 | D:8      | Reached XP level 10. HP: 65/74 MP: 13/13
  8898 | D:9      | Noticed a wizard
  8903 | D:9      | Noticed a deep elf pyromancer
  8904 | Abyss:2  | Cast into level 2 of the Abyss (a wizard)
  8979 | Abyss:2  | Noticed a worldbinder
  8994 | Abyss:2  | Noticed a thrashing horror
  9048 | Abyss:2  | Noticed a thrashing horror
  9098 | Abyss:3  | Noticed a shadow wraith
  9187 | Abyss:3  | Noticed a thrashing horror
  9244 | Abyss:3  | Noticed a thrashing horror
  9256 | Abyss:3  | Killed a thrashing horror
  9505 | Abyss:3  | Reached skill level 14 in Axes
  9506 | Abyss:3  | Noticed a thrashing horror
  9707 | Abyss:3  | Noticed a thrashing horror
  9716 | Abyss:3  | Noticed a thrashing horror
  9739 | Abyss:3  | Noticed a tentacled starspawn
  9797 | Abyss:3  | Noticed a tentacled starspawn
  9807 | Abyss:3  | Noticed a starcursed mass
  9807 | Abyss:3  | Slain by a small abomination

Illustrated notes

Levels and vault maps discovered:
D:1:      sevenhm_arrival_forest_fort_large_2, layout_rooms
D:2:      layout_loops_ring, basic_altar, minmay_misc_feat_nine_boxes,
          kennysheep_generic_room_7
D:3:      layout_loops_ring, nicolae_overflow_squiral,
          mainiacjoe_overflow_alcove_1, nzn_hepliaklqana_mist_gate,
          gup_sewer_entry_spiral, hellmonk_ecumenical_altar_slurped_away
D:4:      layout_loops_ring, dk_xom_monty_hall, amethyst_killhole,
          kennysheep_generic_room_2
D:5:      layout_basic, mainiacjoe_overflow_alcove_4, minmay_quadrilaterals,
          uniq_pikel
D:6:      nicolae_cairo_tiling_very_big, layout_gridville,
          grunt_gozag_breadcrumbs, minmay_temple_entry_proselytizer,
          uniq_sigmund, uniq_maggie
D:7:      cheibrodos_fertilizer, layout_loops_ring,
          mainiacjoe_overflow_surrounded_room
D:8:      layout_rooms, lemuel_doored_altar
D:9:      minmay_blocky_corners, layout_basic, slow_altar_2,
          kennysheep_just_a_vault
Abyss:3:  base: D:4, minivault_24, spicy_abyss_pitcher_plant

Skill      XL: |  1  2  3  4  5  6  7  8  9 10 |
---------------+-------------------------------+-----
Axes           | 2 3 4 5 6 8 10 13 14 | 14.1
Evocations     | 1 2 3 4 |  4.0
Fighting       | 4 |  4.9
Dodging        | |  1.7
Stealth        | |  4.5

Action                     |  1- 3 |  4- 6 |  7- 9 | 10-12 || total
---------------------------+-------+-------+-------+-------++-------
  Melee: Hand axe          |    56 |   263 |       |       ||   319
         Punch             |       |     4 |       |     2 ||     6
         War axe           |       |    22 |   185 |   118 ||   325
         Whip              |       |       |    73 |       ||    73
   Fire: Sling             |       |       |     3 |       ||     3
  Throw: Dart              |       |    15 |     8 |     6 ||    29
         Boomerang         |       |       |     2 |     3 ||     5
         Throwing net      |       |       |       |     3 ||     3
  Evoke: Wand              |     6 |     9 |     7 |     7 ||    29
    Use: Scroll            |       |       |     8 |     9 ||    17
         Potion            |       |       |       |     8 ||     8
   Stab: Sleeping          |     3 |     8 |     2 |       ||    13
         Distracted        |       |     1 |       |     1 ||     2
 Armour: Leather armour    |     5 |       |       |       ||     5
         Ring mail         |     4 |    63 |    32 |       ||    99
         Steam dragon scal |       |       |    10 |       ||    10
         Chain mail        |       |       |    35 |       ||    35
         Plate armour      |       |       |    13 |    87 ||   100
  Dodge: Dodged            |    22 |   195 |   169 |   103 ||   489

Table legend: (Time is in decaauts)
 A = Elapsed time spent in this place.
 B = Non-inter-level travel time spent in this place.
 C = Inter-level travel time spent in this place.
 D = Time resting spent in this place.
 E = Time spent auto-exploring this place.
 F = Levels seen in this place.
 G = Mean time per level.
                   A        B        C        D        E       F      G
               +--------+--------+--------+--------+--------+-----+--------+
         Total |  10045 |   9587 |    458 |   1360 |   4795 |  12 |  837.1 |
       Dungeon |   8300 |   7842 |    458 |    827 |   4296 |   9 |  922.2 |
         Abyss |    873 |    873 |      0 |    505 |      0 |   2 |  436.5 |
         Sewer |    871 |    871 |      0 |     27 |    498 |   1 |  871.0 |
               +--------+--------+--------+--------+--------+-----+--------+

Top non-repeatable levels by time:
     D:5: 1481 daAuts
     D:7: 1360 daAuts
     D:4: 1347 daAuts
     D:3: 1027 daAuts
   Sewer: 871 daAuts
     D:6: 799 daAuts
     D:8: 746 daAuts
 Abyss:3: 733 daAuts
     D:2: 717 daAuts
     D:1: 617 daAuts
     D:9: 202 daAuts
 Abyss:2: 140 daAuts
